[Event "Jeux du Barreau 2019"]
[Site "Paris, France"]
[Date "2019.07.10"]
[Round "4.1"]
[White "Chanel, Virgile"]
[Black "Vandeweeghe, Simon"]
[Result "1-0"]
[TimeControl "15+3"]
[WhiteElo "1991"]
[BlackElo "2036"]

1. e4 c5 2. b3 Nc6 3. Bb2 d6 4. Nc3 Nf6 5. Nge2 e6 6. g3 Be7 7. Bg2 O-O 8. O-O Bd7 9. d3 Rc8 10.
f4 a6 11. Qd2 b5 12. Nd1 Qb6 13. Ne3 Nd4 14. c3 Nxe2+ 15. Qxe2 Bc6 16. c4 Qb7 17. f5 Rce8 18. Ng4 e5 19. Ne3 bxc4 20. bxc4 Rb8 21. Rab1 Qc7 22. Bc3 Rxb1 23. Rxb1 Rb8 24. Qc2 Rxb1+ 25. Qxb1 Qb7 26.
Qxb7 Bxb7 27. Ba5 Kf8 28. Bf3 Bc6 29. Bd1 Ke8 30. Kf2 Bd8 31. Bd2 Kd7 32. g4 Ne8 33. Kg3 a5 34. Nd5 Bxd5 35. exd5 Kc8 36. Ba4 Nf6 37. g5 Ng8 38. Be8 f6 39.
h4 Ne7 40. Kg4 Bc7 41. h5 fxg5 42. Bxg5 Ng8 43. Bf7 Nf6+ 44. Bxf6 gxf6 45. h6 Kd8 46. Bg8 Ke7 47. Bxh7 Kf8 48. Bg6 a4 49. Kf3 Ba5 50. Ke2 a3 51. Kd1 Bc3 52. Kc2 Bb2 53. Kb3 Bc1 54. h7 Kg7 55. Ka4 e4 56. dxe4 Bb2 57. Kb5 Be5 58. Kc6 Bf4 59. Kd7 Be5 60.
Ke6 Bf4 61. h8=Q+ Kxh8 62. Kxf6 Be5+ 63. Kf7 Bf4 64. f6 Bh6 65. Ke7 Kg8 66. Kxd6 1-0

[Event "Jeux du Barreau 2019"]
[Site "Paris, France"]
[Date "2019.07.10"]
[Round "4.2"]
[White "Mungunkhuu, Mijgee"]
[Black "Clair, Michael"]
[Result "1-0"]
[TimeControl "15+3"]
[WhiteElo "2219"]
[BlackElo "1726"]

1. c4 e5 2. Nc3 Nc6 3. g3 g6 4. Bg2 Bg7 5. Nf3 d6 6. d3 f5 7. Rb1 a5 8. O-O Nf6 9. Bg5 h6 10.
Bxf6 Qxf6 11. a3 O-O 12. Nd5 Qd8 13. b4 axb4 14. axb4 Kh7 15. b5 Ne7 16. Qb3 Be6 17. Rfc1 Qd7 18.
Nd2 Rab8 19. Qc2 Rfc8 20. Qa4 Ra8 21. Qb3 Rab8 22. Qa4 Ra8 23. Qb4 h5 24. Nxe7 Qxe7 25. Bxb7 h4 26.
Rc2 f4 27. Bf3 hxg3 28. hxg3 fxg3 29. fxg3 Bh6 30. Kg2 Kg7 31. b6 cxb6 32. Ne4 Be3 33. Qxd6 Ra7 34. Qxe5+ 1-0

[Event "Jeux du Barreau 2019"]
[Site "Paris, France"]
[Date "2019.07.10"]
[Round "4.3"]
[White "Aflalo, Sophie"]
[Black "Abulius, Thomas"]
[Result "1-0"]
[TimeControl "15+3"]
[WhiteElo "2094"]
[BlackElo "1390"]

1. Nf3 Nf6 2. c4 g6 3. Nc3 Bg7 4. d3 d5 5. cxd5 Nxd5 6. Qc2 O-O 7. a3 c6 8. e4 Nc7 9. Be3 Nd7 10.
d4 e5 11. Rd1 Qe7 12. Bc4 h6 13. O-O Ne6 14. d5 cxd5 15. exd5 Nf4 16. d6 Qd8 17. Bxf4 exf4 18. Qxg6 Qf6 19.
Qh5 Qg6 20. Qxg6 1-0

[Event "Jeux du Barreau 2019"]
[Site "Paris, France"]
[Date "2019.07.10"]
[Round "4.4"]
[White "Sainson, Michael"]
[Black "Rachid, Danial"]
[Result "1-0"]
[TimeControl "15+3"]
[WhiteElo "1584"]
[BlackElo "2020"]

1. e4 e6 2. d4 d5 3. Nd2 Nf6 4.
e5 Nfd7 5. Ngf3 c5 6. c3 Nc6 7.
Bb5 cxd4 8. cxd4 Qb6 9. Bxc6 bxc6 10. O-O c5 11. dxc5 Bxc5 12. Nb3 Ba6 13. Nxc5 Bxf1 14. Nxd7 Kxd7 15.
Kxf1 Rac8 16. Be3 Qb5+ 17. Kg1 Rc7 18. Rc1 Rhc8 19. Rxc7+ Rxc7 20. b3 h6 21. h3 Qa5 22. a4 Qb4 23. Nd4 h5 24. Qxh5 Ke8 25. Qh8+ Qf8 26. Qxf8+ Kxf8 27. Nb5 Rb7 28.
Bxa7 f6 29. Bc5+ Kg8 30. Bd4 fxe5 31.
Bxe5 Rb6 32. f4 Rc6 33. Kf2 Rc2+ 34. Kf3 Kf7 35. Nd4 Ra2 36. Nc6 Ra3 37. Nd4 Ke8 38. Bxg7 1-0

[Event "Jeux du Barreau 2019"]
[Site "Paris, France"]
[Date "2019.07.10"]
[Round "4.5"]
[White "Spirta, Boris"]
[Black "Levy, David"]
[Result "0-1"]
[TimeControl "15+3"]
[WhiteElo "1811"]
[BlackElo "1511"]

1. e4 c6 2. d4 d5 3. exd5 Qxd5 4. c4 Qa5+ 5. Nc3 Nf6 6. Bd3 Bg4 7. f3 Bh5 8. Nge2 e6 9. a3 Nbd7 10. O-O Bd6 11. c5 Be7 12.
Bf4 O-O 13. b4 Qd8 14. Ng3 Bg6 15. Nge4 Nxe4 16. Bxe4 Nf6 17.
Bxg6 hxg6 18. Qd2 Nd5 19. Nxd5 Qxd5 20. Rae1 Rad8 21. Re5 Qxd4+ 22. Qxd4 Rxd4 23. Bg3 Rfd8 24. Re3 Rd3 25. Rxd3 Rxd3 26.
Ra1 Bf6 27. Ra2 Kf8 28. Bd6+ Be7 29. Bg3 Ke8 30. Kf2 Kd7 31. Ke2 Rd5 32. a4 Bd8 33. Bf2 Bc7 34. h3 a6 35. Ke3 Bd8 36. g4 Bf6 37. Ke2 Bc3 38.
b5 axb5 39. axb5 cxb5 40. Ra7 Kc6 41. Ra8 b4 42. Ra2 0-1

[Event "Jeux du Barreau 2019"]
[Site "Paris, France"]
[Date "2019.07.10"]
[Round "4.6"]
[White "Constant, Arnaud"]
[Black "Gautier, Joel"]
[Result "0-1"]
[TimeControl "15+3"]
[WhiteElo "1399"]
[BlackElo "1975"]

1. e4 e6 2. Nf3 d5 3. Nc3 Nf6 4.
d4 dxe4 5. Ne5 Bb4 6. Bd2 Qxd4 7. Nc4 O-O 8. Be3 Bxc3+ 9. bxc3 Qd5 10. Be2 Nc6 11. O-O Qxd1 12. Raxd1 h6 13. Rfe1 e5 14. h3 Be6 15. Rb1 b6 16. a3 Rad8 17.
Rb5 a6 18. Rbb1 Nd5 19. Bd2 Nf4 20. Rbd1 Nxe2+ 0-1

[Event "Jeux du Barreau 2019"]
[Site "Paris, France"]
[Date "2019.07.10"]
[Round "4.7"]
[White "Beaulier, Benjamin"]
[Black "Lanoe-Campbell, Luca"]
[Result "0-1"]
[TimeControl "15+3"]
[WhiteElo "1658"]
[BlackElo "1379"]

1. e4 c6 2. d4 d5 3. Nc3 dxe4 4.
Nxe4 Bf5 5. Ng3 Bg6 6. h4 h6 7.
Nf3 e6 8. h5 Bh7 9. Bd3 Nf6 10.
Bxh7 Nxh7 11. Bf4 Qb6 12. O-O Be7 13. Re1 O-O 14. Qd2 Nd7 15. c3 Rad8 16. Qc2 Nhf6 17. Be3 Qc7 18. Qc1 Ng4 19.
Bf4 Bd6 20. Bxd6 Qxd6 21. Ne4 Qc7 22. g3 c5 23. Qc2 cxd4 24. Nxd4 Nde5 25. Rad1 Rxd4 26. Rxd4 Nf3+ 27. Kg2 Nxe1+ 0-1

[Event "Jeux du Barreau 2019"]
[Site "Paris, France"]
[Date "2019.07.10"]
[Round "4.8"]
[White "Leblic, Maximilien"]
[Black "Rabbe, Laurent"]
[Result "1-0"]
[TimeControl "15+3"]
[WhiteElo "1289"]
[BlackElo "1399"]

1. e4 e6 2. d4 d5 3. e5 Nc6 4. Nf3 Bb4+ 5. Bd2 Nge7 6. Bb5 a5 7. a3 Bxd2+ 8. Nbxd2 O-O 9. c4 Nf5 10.
cxd5 Qxd5 11. Bc4 Qd7 12. Nb3 b6 13. O-O Ba6 14. Bxa6 Rxa6 15. Qd3 a4 16. Qxa6 axb3 17. Qb5 Nfxd4 18. Nxd4 Nxe5 19. Qxe5 c5 20. Nf3 f6 21. Qe3 Qd5 22. Rad1 Qc4 23. Nd2 Rd8 24. Nxc4 Rb8 25. Qxb3 e5 26. Nxb6+ Kf8 27. Nd7+ Ke7 28.
Qxb8 Ke6 29. Qb6+ Kf5 30. Qxc5 h5 31. Qe3 g5 32. h3 g4 33. hxg4+ hxg4 34. f3 e4 35. Qxe4+ Kg5 36. Qxg4+ Kh6 37.
Kf2 f5 38. Rh1# 1-0

[Event "Jeux du Barreau 2019"]
[Site "Paris, France"]
[Date "2019.07.10"]
[Round "4.9"]
[White "Delage, Pierre Luc"]
[Black "Mangenot, Valentin"]
[Result "1-0"]
[TimeControl "15+3"]
[WhiteElo "1399"]
[BlackElo "1405"]

1. e4 e6 2. Nf3 d5 3. exd5 exd5 4. d4 Nf6 5. Nc3 Bg4 6. Be2 Be7 7. Ne5 Bxe2 8. Qxe2 Nbd7 9. Qb5 O-O 10.
Nxd5 Nxe5 11. Nxf6+ Bxf6 12. dxe5 Bxe5 13. O-O Re8 14. Qxb7 Qd6 15. g3 Reb8 16. Qf3 a5 17. c3 a4 18.
a3 g6 19. Bh6 Ra5 20. Rab1 Rab5 21. Qe2 Bxc3 22. Rbd1 Rxb2 23. Qe3 Bg7 24. Rxd6 cxd6 25. Bxg7 Kxg7 26. Qd4+ Kg8 27. Qxa4 1-0

[Event "Jeux du Barreau 2019"]
[Site "Paris, France"]
[Date "2019.07.10"]
[Round "4.10"]
[White "De Vareilles-Sommier, Ferdinand"]
[Black "Lepetit, Jean Pierre"]
[Result "0-1"]
[TimeControl "15+3"]
[WhiteElo "1399"]
[BlackElo "1078"]

1. e4 e5 2. Nf3 Nc6 3.
Bb5 a6 4. Ba4 Nf6 5. Nc3 Be7 6. Bxc6 dxc6 7. Nxe5 O-O 8. a3 Re8 9. d4 b5 10. Nxc6 Qd7 11. Ne5 Qe6 12. O-O Bb7 13.
Re1 Rad8 14. Bf4 c5 15. d5 Qb6 16. Be3 Bd6 17. Nd3 Nxe4 18. Nxe4 Rxe4 19. b4 Bxd5 20. bxc5 Bxh2+ 21. Kxh2 Rh4+ 22.
Kg1 Qg6 23. g3 Rh1# 0-1

[Event "Jeux du Barreau 2019"]
[Site "Paris, France"]
[Date "2019.07.10"]
[Round "5.1"]
[White "Chanel, Virgile"]
[Black "Mungunkhuu, Mijgee"]
[Result "0-1"]
[TimeControl "15+3"]
[WhiteElo "1991"]
[BlackElo "2219"]

1. e4 d6 2. d4 Nd7 3.
Nf3 c6 4. a4 e5 5. dxe5 dxe5 6. Bc4 Be7 7. O-O h6 8. a5 Qc7 9. Re1 Ngf6 10. Nbd2 O-O 11. Nf1 Nc5 12. Ng3 Bd7 13.
c3 b5 14. axb6 axb6 15. Rxa8 Rxa8 16. b4 Na4 17. Qb3 Be8 18. Nf5 Bf8 19. h3 b5 20. Bd3 Bd7 21. g4 Be6 22. Qc2 Nh7 23.
Bd2 Nb6 24. g5 hxg5 25. Bxg5 Nc4 26. Qc1 c5 27. Bxc4 Bxc4 28. bxc5 Bxc5 29. Be3 Bf8 30.
Ng5 Nxg5 31. Bxg5 f6 32. Be3 Qb7 33. f3 Be6 34. Qd1 Qc8 35. Nd6 Qc6 36. Nf5 Qxc3 37. Bd2 Qc8 38. Qb1 Ra3 39. Kg2 Rb3 40. Qc1 Bxf5 41. exf5 Qxf5 42. Be3 Qd3 43. Kf2 Rc3 44. Qd2 Rc2 0-1

[Event "Jeux du Barreau 2019"]
[Site "Paris, France"]
[Date "2019.07.10"]
[Round "5.2"]
[White "Vandeweeghe, Simon"]
[Black "Sainson, Michael"]
[Result "1-0"]
[TimeControl "15+3"]
[WhiteElo "2036"]
[BlackElo "1584"]

1. d4 d5 2. Nf3 Nf6 3.
g3 e6 4. Bg2 Be7 5. c4 dxc4 6. O-O O-O 7. Na3 Bxa3 8.
bxa3 Nbd7 9. Qc2 Nb6 10. e4 h6 11. e5 Nfd5 12. Nd2 Ne7 13. Bb2 Nf5 14. Nf3 Bd7 15. Rac1 Bc6 16. g4 Bxf3 17.
Bxf3 Nxd4 18. Bxd4 Qxd4 19. Bxb7 Qxg4+ 20. Kh1 Rad8 21. Rg1 Qf5 22. Be4 Qxe5 23. Rg3 Rd4 24. Bf3 Rd3 25. Rcg1 Qf6 26.
Rxg7+ Qxg7 27. Rxg7+ Kxg7 28. Be2 Rd5 29. Bxc4 Nxc4 30. Qxc4 c5 31. Qa6 Kh7 32. Qxa7 Rd2 33. Qe7 Rg8 34. Qxf7+ Rg7 35. Qf3 Rxa2 36. h4 Ra1+ 37. Kh2 Rag1 38. h5 R7g2+ 39. Qxg2 Rxg2+ 40. Kxg2 Kg7 41. a4 c4 42. Kf3 c3 43. Ke3 1-0

[Event "Jeux du Barreau 2019"]
[Site "Paris, France"]
[Date "2019.07.10"]
[Round "5.3"]
[White "Levy, David"]
[Black "Aflalo, Sophie"]
[Result "0-1"]
[TimeControl "15+3"]
[WhiteElo "1511"]
[BlackElo "2094"]

1. d4 Nf6 2. c4 g6 3. Nc3 Bg7 4. e4 d6 5. h3 O-O 6. Be3 e5 7. Nge2 Nfd7 8. g4 exd4 9. Bxd4 Ne5 10. Ng3 Nbc6 11. Be3 Be6 12.
Nd5 Na5 13. Rc1 c6 14. f4 Nexc4 15. Bxc4 Nxc4 16. Rxc4 cxd5 17. exd5 Qa5+ 18. Kf2 Bxd5 19. Rc2 Bxh1 20. Nxh1 Rac8 21.
Rd2 Qxa2 22. Ng3 d5 23. Ne2 Rfe8 24. Nd4 Re4 25. f5 Rce8 0-1

[Event "Jeux du Barreau 2019"]
[Site "Paris, France"]
[Date "2019.07.10"]
[Round "5.4"]
[White "Rachid, Danial"]
[Black "Leblic, Maximilien"]
[Result "1-0"]
[TimeControl "15+3"]
[WhiteElo "2020"]
[BlackElo "1289"]

1. e4 e5 2. Nf3 Nc6 3. Bb5 Nf6 4. O-O Bc5 5. d4 Nxd4 6. Nxd4 Bxd4 7. Bg5 c6 8. Bc4 O-O 9. c3 Bc5 10.
Nd2 b5 11. Bb3 a5 12. a4 Ba6 13. Re1 h6 14. Bh4 d5 15. exd5 cxd5 16. Rxe5 Qb6 17. Rf5 Ng4 18. Qxg4 Kh8 19.
Rxd5 bxa4 20. Rxa4 Rad8 21. Bxd8 Rxd8 22. Re4 Rxd5 23. Re8+ Kh7 24. Bxd5 Bxf2+ 25. Kh1 Qxb2 26. Qf5+ g6 27. Qxf7# 1-0

[Event "Jeux du Barreau 2019"]
[Site "Paris, France"]
[Date "2019.07.10"]
[Round "5.5"]
[White "Gautier, Joel"]
[Black "Abulius, Thomas"]
[Result "1-0"]
[TimeControl "15+3"]
[WhiteElo "1975"]
[BlackElo "1390"]

1. e4 d5 2. exd5 Qxd5 3.
Nc3 Qd6 4. d4 Nc6 5. Nf3 Bg4 6. Bc4 e6 7. O-O Nf6 8. h3 Bh5 9. d5 exd5 10. Nxd5 Nxd5 11. Bxd5 O-O-O 12. c4 Nb4 13.
Qa4 Nxd5 14. cxd5 Bxf3 15. gxf3 Qg6+ 16. Kh1 Qf5 17. Qg4 Qxg4 18. fxg4 Rxd5 19. Be3 Bd6 20. Rfc1 Kb8 21. a3 h5 22.
g5 Re8 23. Rc4 b5 24. Rc6 Re4 25. Rac1 Kb7 26. Kg2 Rxe3 27. fxe3 Rd2+ 28. Kf3 Rxb2 29. R1c2 Bxa3 30. Rxc7+ Kb6 31. R2c6+ Ka5 32. Rxa7+ Kb4 33.
Rxf7 Rb1 34. Rxg7 Rf1+ 35. Ke4 Rh1 36. g6 Rxh3 37. Rb7 Rg3 1-0

[Event "Jeux du Barreau 2019"]
[Site "Paris, France"]
[Date "2019.07.10"]
[Round "5.6"]
[White "Lepetit, Jean Pierre"]
[Black "Spirta, Boris"]
[Result "0-1"]
[TimeControl "15+3"]
[WhiteElo "1078"]
[BlackElo "1811"]

1. e4 c5 2. Nf3 d6 3. d4 cxd4 4. Nxd4 Nf6 5. Nc3 g6 6.
Be3 Bg7 7. Qd2 Ng4 8. O-O-O Nxe3 9. fxe3 O-O 10. h3 Nc6 11. Nde2 Bd7 12. g4 Qa5 13.
Kb1 Rac8 14. Nd5 Qxd2 15. Rxd2 e6 16. Ndc3 Be5 17. Nd4 a6 18. a3 Rc7 19. Be2 Rfc8 20. Rd3 Be8 21. Rh2 Bxh2 22. Bf3 Be5 23. g5 Bg7 24.
h4 Ne5 25. Be2 Nxd3 26. Bxd3 b5 27. Kc1 Bc6 28. Nde2 d5 29. Nd4 dxe4 30. Bxe4 Bxe4 31. Nxe4 Bxd4 32. exd4 Rxc2+ 33. Kb1 Re2 34. Nf6+ Kg7 35. Ka2 Rcc2 36. Kb3 Rxb2+ 0-1

[Event "Jeux du Barreau 2019"]
[Site "Paris, France"]
[Date "2019.07.10"]
[Round "5.7"]
[White "Clair, Michael"]
[Black "Delage, Pierre Luc"]
[Result "1-0"]
[TimeControl "15+3"]
[WhiteElo "1726"]
[BlackElo "1399"]

1. e4 e5 2. Nf3 Nf6 3. Nxe5 Qe7 4. d4 d6 5. Nf3 Qxe4+ 6. Be2 Qg6 7. Nc3 Bf5 8. Nh4 Bxc2 9. Bb5+ c6 10.
Qe2+ Be4 11. Nxg6 hxg6 12. Nxe4 Be7 13. Bg5 cxb5 14. Nxf6+ gxf6 15. Bxf6 1-0

[Event "Jeux du Barreau 2019"]
[Site "Paris, France"]
[Date "2019.07.10"]
[Round "5.8"]
[White "Lanoe-Campbell, Luca"]
[Black "Mangenot, Valentin"]
[Result "0-1"]
[TimeControl "15+3"]
[WhiteElo "1379"]
[BlackElo "1405"]

1. e4 e6 2. d4 d5 3. e5 c5 4. c3 Nc6 5. Bb5 Qb6 6. Bxc6+ bxc6 7. Nf3 Ba6 8. b3 Ne7 9. Nbd2 Nf5 10.
Ba3 cxd4 11. Bxf8 dxc3 12. Nb1 Rxf8 13. Nxc3 Qc7 14. Na4 f6 15. Nc5 Qa5+ 16. Qd2 Qxc5 17. Rc1 Qb6 18. exf6 Rxf6 19.
g4 Nd6 20. Nd4 c5 21. Nc2 Ke7 22. f4 Raf8 23. f5 exf5 24. Qe3+ Re6 25. Qxe6+ Kxe6 26. Kd2 Ne4+ 27. Kd1 Qb5 28. Re1 Kd6 29. Ne3 Qd3# 0-1

[Event "Jeux du Barreau 2019"]
[Site "Paris, France"]
[Date "2019.07.10"]
[Round "5.9"]
[White "Rabbe, Laurent"]
[Black "Beaulier, Benjamin"]
[Result "0-1"]
[TimeControl "15+3"]
[WhiteElo "1399"]
[BlackElo "1658"]

1. d4 Nf6 2. c4 e6 3. Bg5 d5 4. e3 Be7 5. Nc3 O-O 6. Nf3 Nbd7 7. Bd3 h6 8. Bh4 a6 9. O-O dxc4 10.
Bxc4 b5 11. Bd3 Bb7 12. Rc1 Nd5 13. e4 Nxc3 14. bxc3 Bxh4 15. Nxh4 Qxh4 16. e5 Qg5 17. g3 c5 18. f4 Qe7 19.
a4 cxd4 20. cxd4 Qb4 21. Rc7 Qxd4+ 22. Rf2 Qd5 23. Qe1 Qh1# 0-1

[Event "Jeux du Barreau 2019"]
[Site "Paris, France"]
[Date "2019.07.10"]
[Round "5.10"]
[White "Danon, Agnes"]
[Black "Constant, Arnaud"]
[Result "0-1"]
[TimeControl "15+3"]
[WhiteElo "1199"]
[BlackElo "1399"]

1. Nf3 Nc6 2. g3 e5 3. Bg2 Nf6 4. Nc3 Bb4 5. O-O d6 6. a3 Ba5 7. b4 Bb6 8. e4 Bd4 9. Bb2 Nxe4 10.
Nxe4 Bxb2 11. Rb1 Bxa3 12. b5 Ne7 13. d4 exd4 14. Nxd4 O-O 15. Qd3 Bc5 16. c3 b6 17. Ng5 Ng6 18.
Bxa8 Qxg5 19. Be4 Re8 20. Rfe1 Nf4 21. Bxh7+ Kf8 22. h4 Qg4 23. Re4 Nxd3 24. Rxg4 Bxg4 25. Bxd3 Ra8 26. Kg2 Bxd4 27. cxd4 a5 28. Be4 Ra7 29.
Ra1 a4 30. Bb1 a3 31. Ba2 Ra4 32. d5 Rb4 33. f3 Bd7 34. Bc4 Rxc4 35. Rxa3 Rb4 36. Ra7 Ke7 37. Rxc7 Rxb5 38. Rb7 Rb2+ 39.
Kf1 b5 40. Ke1 b4 41. Kd1 Kd8 42.
Kc1 Rb3 43. g4 Kc8 44. Rb6 Kc7 45.
Ra6 Rxf3 46. g5 Rf4 47. h5 Rh4 48. Kb2 Rxh5 49. Kb3 Rxg5 50. Kxb4 Rxd5 51. Kc4 Rh5 52. Ra7+ Kd8 53. Rb7 g5 0-1

[Event "Jeux du Barreau 2019"]
[Site "Paris, France"]
[Date "2019.07.10"]
[Round "6.1"]
[White "Mungunkhuu, Mijgee"]
[Black "Vandeweeghe, Simon"]
[Result "1-0"]
[TimeControl "15+3"]
[WhiteElo "2219"]
[BlackElo "2036"]

1. c4 e5 2. Nc3 Nc6 3. g3 g6 4. Bg2 Bg7 5. d3 d6 6. Nf3 h6 7. O-O Be6 8. Rb1 Qd7 9. Nd5 f5 10. b4 Nf6 11.
b5 Nd8 12. Qb3 O-O 13. a4 Kh7 14. a5 c6 15. Nc3 g5 16. Ba3 f4 17. Qc2 Bf5 18. Nd2 Re8 19. a6 bxa6 20. bxc6 Nxc6 21.
Qa4 Rac8 22. Qxa6 Re7 23. Rfe1 fxg3 24. hxg3 Bh3 25. Nde4 Bxg2 26. Kxg2 Re6 27. Nxf6+ Rxf6 28. Ne4 Re6 29. Rb7 Rc7 30. Reb1 Nd8 31. Rxc7 Qxc7 32. Bxd6 Qc6 33.
Qxc6 Nxc6 34. Rb7 Kg6 35. Rc7 Nd4 1-0

[Event "Jeux du Barreau 2019"]
[Site "Paris, France"]
[Date "2019.07.10"]
[Round "6.2"]
[White "Aflalo, Sophie"]
[Black "Chanel, Virgile"]
[Result "0-1"]
[TimeControl "15+3"]
[WhiteElo "2094"]
[BlackElo "1991"]

1. Nf3 d6 2. c4 e5 3. d3 g6 4.
g3 Bg7 5. Bg2 f5 6. Nc3 Nf6 7. Rb1 a5 8. a3 O-O 9. b4 axb4 10. axb4 h6 11. O-O Kh7 12. Bb2 c6 13. e3 Be6 14.
b5 Nbd7 15. d4 Bxc4 16. bxc6 bxc6 17. Re1 e4 18. Nd2 Bd3 19. Rc1 c5 20. f3 cxd4 21. exd4 Qb6 22. Ba1 Qxd4+ 23. Kh1 Rxa1 24. Rxa1 Qxc3 25. Ra7 d5 26. Nf1 Ne5 27.
fxe4 Nxe4 28. Ra2 Ng4 29. Qc1 Qd4 30. Ne3 Nef2+ 31. Kg1 Ne4 32. h3 Nxe3 33. Rxe3 Nxg3 34. Kh2 Be5 35. Rxg3 Bxg3+ 36. Kxg3 Qe5+ 37. Kf2 Re8 38. Kg1 Qe1+ 39. Qxe1 Rxe1+ 40. Kf2 Re7 41. Bxd5 Be4 42. Bc4 Kg7 43. Ra6 g5 44. Rd6 Rc7 45. Be2 Rc6 46. Rd7+ Kf6 47. Rh7 Ke5 48. Rh8 Kf4 49. Rd8 Rc2 50. Rd1 g4 51. hxg4 fxg4 52. Kf1 Rxe2 53. Rd8 Ra2 54. Rh8 Kf3 55.
Ke1 g3 56. Rxh6 Ra1+ 57. Kd2 g2 0-1

[Event "Jeux du Barreau 2019"]
[Site "Paris, France"]
[Date "2019.07.10"]
[Round "6.3"]
[White "Levy, David"]
[Black "Rachid, Danial"]
[Result "0-1"]
[TimeControl "15+3"]
[WhiteElo "1511"]
[BlackElo "2020"]

1. d4 Nf6 2. c4 c5 3. Nf3 g6 4. Nc3 cxd4 5. Nxd4 Bg7 6. e4 d6 7. Be2 O-O 8. Be3 a6 9. O-O Bd7 10.
Rc1 Nc6 11. f3 Rc8 12. Qd2 Ne5 13. b3 Qa5 14. Rfd1 Nc6 15. Nd5 Qxd2 16. Rxd2 Nxd5 17. cxd5 Nxd4 18. Rxc8 Nxe2+ 19. Rxe2 Rxc8 0-1

[Event "Jeux du Barreau 2019"]
[Site "Paris, France"]
[Date "2019.07.10"]
[Round "6.4"]
[White "Sainson, Michael"]
[Black "Gautier, Joel"]
[Result "0-1"]
[TimeControl "15+3"]
[WhiteElo "1584"]
[BlackElo "1975"]

1. e4 c5 2. Nf3 e6 3.
d4 cxd4 4. Nxd4 a6 5. Nc3 Qc7 6. Be2 b5 7. a3 Bb7 8. O-O Bc5 9. Be3 Nf6 10. Bd3 h5 11. f4 Ng4 12. Qd2 Nc6 13.
Nce2 e5 14. fxe5 Qxe5 15. Bf4 Bxd4+ 16. Kh1 Qe7 17. Nxd4 Nxd4 18. h3 Ne5 19. Qc3 Ndc6 20. Bxe5 Qxe5 21. Qb3 O-O 22. Rf5 Qe6 23.
Qxe6 dxe6 24. Rxh5 g6 25. Kg1 e5 26. Rh4 Kg7 27.
Rf1 0-1

[Event "Jeux du Barreau 2019"]
[Site "Paris, France"]
[Date "2019.07.10"]
[Round "6.5"]
[White "Spirta, Boris"]
[Black "Clair, Michael"]
[Result "1/2-1/2"]
[TimeControl "15+3"]
[WhiteElo "1811"]
[BlackElo "1726"]

1. e4 d6 2. d4 Nf6 3. Nc3 e5 4. dxe5 dxe5 5. Qxd8+
Kxd8 6. f4 Bb4 7. Bd3 Nc6 8. fxe5 Nxe5 9. Bd2 Bg4 10. h3 Be6 11. Nge2 Bc4 12. Bxc4 Nxc4 13.
O-O-O Nxd2 14. Rxd2+ Ke7 15. e5 Ne4 16. Nxe4 Bxd2+ 17. Nxd2 Rad8 18. Nf3 Rd7 19.
Rd1 Rhd8 20. Rxd7+ Rxd7 21. b3 h6 22. Kb2 c5 23. Kc3 Ke6 24. Kc4 b6 25. Kb5 Kf5 26. Kc6 Ke6 27. Nf4 Ke7 28. Nd5+ Ke6 29. Nf4 Ke7 1/2-1/2

[Event "Jeux du Barreau 2019"]
[Site "Paris, France"]
[Date "2019.07.10"]
[Round "6.6"]
[White "Leblic, Maximilien"]
[Black "Lepetit, Jean Pierre"]
[Result "1-0"]
[TimeControl "15+3"]
[WhiteElo "1289"]
[BlackElo "1078"]

1. e4 e5 2. Nf3 Nc6 3.
Bb5 a6 4. Ba4 Nf6 5. d3 Be7 6. O-O b5 7.
Bb3 d6 8. Bg5 O-O 9. Re1 Na5 10. c3 Bb7 11. Bc2 h6 12. Bh4 c5 13. Nbd2 Nh5 14. Bxe7 Qxe7 15. Nf1 Nf4 16. Ng3 Bc8 17. a3 Bg4 18. h3 Be6 19. b4 Nc6 20. bxc5 dxc5 21.
Qd2 Rad8 22. Nxe5 Nxh3+ 23. gxh3 Nxe5 24. Kg2 g5 25. d4 Bxh3+ 26. Kxh3 g4+ 27. Kg2 Qh4 28. Rh1 Qf6 29. Qxh6 Qf3+ 30.
Kf1 1-0

[Event "Jeux du Barreau 2019"]
[Site "Paris, France"]
[Date "2019.07.10"]
[Round "6.7"]
[White "Constant, Arnaud"]
[Black "Lanoe-Campbell, Luca"]
[Result "0-1"]
[TimeControl "15+3"]
[WhiteElo "1399"]
[BlackElo "1379"]

1. e4 c6 2. Nf3 d5 3. Nc3 d4 4. Na4 b5 5. Nc5 e5 6. Nxe5 Bxc5 7. d3 Nf6 8. Be2 O-O 9. O-O Nbd7 10. Nf3 Bb6 11. c3 c5 12.
Bg5 Bc7 13. cxd4 cxd4 14. Nxd4 a6 15. Bf3 Ne5 16. Be3 Qd6 17. Rc1 Nxf3+ 18. Qxf3 Qxh2# 0-1

[Event "Jeux du Barreau 2019"]
[Site "Paris, France"]
[Date "2019.07.10"]
[Round "6.8"]
[White "Beaulier, Benjamin"]
[Black "Danon, Agnes"]
[Result "1-0"]
[TimeControl "15+3"]
[WhiteElo "1658"]
[BlackElo "1199"]

1. e4 e5 2. f4 Nc6 3. Nf3 d6 4. Bc4 Nh6 5. O-O Be6 6.
Bb5 Qd7 7. fxe5 a6 8. Bxc6 Qxc6 9.
Nc3 O-O-O 10. d4 Ng4 11. h3 Nh6 12. Be3 f5 13. d5 Bxd5 14. exd5 Qc4 15. Qd4 b5 16. Qa7 f4 17. Qxa6+ Kd7 18.
Qc6+ Qxc6 19. dxc6+ Kc8 20. Bxf4 Be7 21. Nxb5 Rhf8 22.
Bh2 d5 23. a4 Bc5+ 24. Kh1 Rf4 25. c3 Rdf8 26. Bxf4 Rxf4 27. b4 Nf5 28. Kh2 Rc4 29. bxc5 Rxc5 30. Nfd4 Ne3 31. Rf8# 1-0

[Event "Jeux du Barreau 2019"]
[Site "Paris, France"]
[Date "2019.07.10"]
[Round "6.9"]
[White "Mangenot, Valentin"]
[Black "Rabbe, Laurent"]
[Result "1-0"]
[TimeControl "15+3"]
[WhiteElo "1405"]
[BlackElo "1399"]

1. d4 d5 2. c4 e6 3. Nc3 Nf6 4.
Nf3 Nc6 5. Bf4 Bb4 6. a3 Ba5 7. b4 Bb6 8. c5 Bxc5 9. bxc5 b6 10. e3 O-O 11. Bd3 bxc5 12. dxc5 Ng4 13. Nd4 Bd7 14.
Nxc6 Bxc6 15. Qxg4 Rb8 16. Bh6 Re8 17. Qxg7# 1-0

[Event "Jeux du Barreau 2019"]
[Site "Paris, France"]
[Date "2019.07.10"]
[Round "6.10"]
[White "Delage, Pierre Luc"]
[Black "De Vareilles-Sommier, Ferdinand"]
[Result "1-0"]
[TimeControl "15+3"]
[WhiteElo "1399"]
[BlackElo "1399"]

1. e4 c5 2. Nf3 Nc6 3. d4 cxd4 4. Nxd4 g6 5. Nxc6 bxc6 6. Bd3 Bg7 7.
Bd2 Bxb2 8. Bc3 Bxa1 9. Bxa1 Nf6 10. e5 Nd5 11. e6 O-O 12.
exf7+ Rxf7 13. Bc4 Qb6 14. O-O Bb7 15. Nc3 e6 16. Ne4 Rf4 17. Bd3 Ba6 18. Bxa6 Qxa6 19. Qd4 Qb6 20. Qd1 Qa6 21. Qd4 Nf6 22. Nxf6+ 1-0

[Event "Jeux du Barreau 2019"]
[Site "Paris, France"]
[Date "2019.07.10"]
[Round "6.11"]
[White "Abulius, Thomas"]
[Black "Castel, David"]
[Result "1-0"]
[TimeControl "15+3"]
[WhiteElo "1390"]
[BlackElo "1366"]

1. d4 h6 2. c4 g6 3. Nc3 f6 4.
Nf3 Bg7 5. Qc2 f5 6. g4 e6 7. Ne5 Ne7 8. gxf5 Bxe5 9. dxe5 exf5 10. f4 d6 11. exd6 cxd6 12. e4 Nbc6 13. Be3 Bd7 14.
O-O-O Qa5 15. Rxd6 Nb4 16. Qb3 O-O-O 17. e5 Bc6 18. Rg1 Rxd6 19. exd6 Ng8 20. a3 Na6 21. Rxg6 Nc5 22. Qb4 Qxb4 23. axb4 Ne4 24.
Nxe4 Bxe4 25. Bxa7 Kd7 26. c5 h5 27. Bb5+ Kc8 28. d7+ Kc7 29. Bb6+ Kb8 30. d8=R# 1-0

[Event "Jeux du Barreau 2019"]
[Site "Paris, France"]
[Date "2019.07.10"]
[Round "7.1"]
[White "Aflalo, Sophie"]
[Black "Mungunkhuu, Mijgee"]
[Result "0-1"]
[TimeControl "15+3"]
[WhiteElo "2094"]
[BlackElo "2219"]

1. e4 d6 2. d4 Nd7 3. Be3 c6 4. Nd2 e5 5. Qe2 Ngf6 6.
O-O-O Be7 7. f4 Qc7 8. g4 O-O 9.
g5 Ne8 10. h4 f5 11. exf5 Rxf5 12. Bh3 Rf8 13. dxe5 dxe5 14.
f5 Nb6 15. Ne4 Bxf5 16. Bxf5 Rxf5 17. Qg4 Qc8 18. Nf3 Nc4 19. Nf6+ Rxf6 20. Qxc4+ Qe6 21. Qe2 Rf7 22. Bd4 e4 23. Ne5 Rf5 24. Nc4 Nd6 25. Ne3 Ra5 26. a3 Nb5 27.
Nc4 Ra4 28. b3 Nxa3 29. bxa4 Nxc4 30. Rd3 Qd5 31. Rc3 b5 32. Rd1 Qe6 33. Rb3 a6 34.
Re1 Re8 35. Kb1 Bd6 36. Bc3 Bc5 37. Bb4 Bxb4 38. Rxb4 e3 39. Rd1 c5 40. Rxc4 bxc4 41.
c3 Qb6+ 42. Kc1 Qb3 43. Qc2 Qa3+ 44. Qb2 Qxa4 45. Re1 Qb3 46. Qxb3 cxb3 47. c4 a5 48. Kb2 a4 49. Ka3 e2 50. Kxa4 b2 51. Kb5 b1=Q+ 52. Rxb1 e1=Q 53. Rxe1 Rxe1 0-1

[Event "Jeux du Barreau 2019"]
[Site "Paris, France"]
[Date "2019.07.10"]
[Round "7.2"]
[White "Rachid, Danial"]
[Black "Chanel, Virgile"]
[Result "0-1"]
[TimeControl "15+3"]
[WhiteElo "2020"]
[BlackElo "1991"]

1. e4 d6 2. Nf3 Nf6 3. Nc3 e5 4. Bb5+ c6 5. Ba4 Be7 6. d3 O-O 7. h3 Nbd7 8. O-O Nc5 9. Bb3 Qc7 10. Nh2 Nxb3 11.
axb3 d5 12. f4 dxe4 13. dxe4 b5 14. Qf3 Nd7 15. Ng4 f6 16. Qg3 Kh8 17. Be3 Bc5 18. fxe5 Bxe3+ 19. Nxe3 Nxe5 20. Nf5 Bxf5 21.
Rxf5 Rad8 22. Raf1 Qe7 23. Qe3 Rfe8 24. g4 h6 25. Ne2 Nf7 26. Ng3 Ng5 27. e5 Nxh3+ 28. Kg2 Ng5 29. Qc1 fxe5 0-1